Canadiens vs Blackhawks
Created - February 19, 2024 at 20:13
Goals
|
Canadiens |
1 |
0 |
0 |
1 |
Blackhawks |
0 |
2 |
0 |
2 |
|
Shots
|
Canadiens |
10 |
9 |
14 |
33 |
Blackhawks |
8 |
13 |
10 |
31 |
|
1st period
1. Canadiens , Sean Zimmerman 2 (Brent Burns 11, Mika Zibanejad 37) at 4:51
Penalties :
Sean Zimmerman (Mon) for Cross-checking (Minor) at 8:38
2nd period
2. Blackhawks , Johnny Gaudreau 33 (Robert Hagg 6, James Reimer) at 9:47
3. Blackhawks , Jamie McBain 2 (Johnny Gaudreau 42, PK Subban 8) at 11:03 (PP)
Penalties :
Mika Zibanejad (Mon) for Hooking (Minor) at 10:52
3rd period
No Goal
Penalties :
Artemi Panarin (Mon) for Hooking (Minor) at 15:19
Goalie Stats
Robin Lehner (Mon), 29 saves from 31 shots - (0.935), L, 20-14-4, 58:53 minutes
James Reimer (Chi), 32 saves from 33 shots - (0.970), W, 19-26-3, 60:00 minutes
Players Stats for Canadiens
Player Name G A P +/- PIM S H SB GA TA FO MP PP MP PK MP
------------------------------------------------------------------------------------
Alexandre Grenier 0 0 0 -1 0 2 0 0 0 1 0/0 7:15 0:00 0:00
Artemi Panarin 0 0 0 1 2 2 3 0 1 0 1/1 18:31 0:00 0:03
Brandon Bollig 0 0 0 -1 0 2 0 1 1 0 0/0 7:33 0:00 0:18
Brent Burns 0 1 1 1 0 0 0 2 0 1 0/0 13:52 0:00 1:32
Brian Dumoulin 0 0 0 0 0 3 1 1 0 0 0/0 18:48 0:00 0:30
Cam Fowler 0 0 0 -1 0 0 3 1 0 1 0/0 27:17 0:00 2:03
Chris Kreider 0 0 0 0 0 1 3 0 0 1 0/0 21:36 0:00 2:32
Cody Eakin 0 0 0 0 0 4 1 1 0 0 7/11 14:08 0:00 2:45
Corban Knight 0 0 0 -1 0 3 2 0 1 1 2/3 8:23 0:00 0:56
David Pastrnak 0 0 0 1 0 1 2 1 1 0 0/1 19:28 0:00 0:00
Jiri Sekac 0 0 0 0 0 1 0 0 0 1 0/0 11:07 0:00 0:00
Jordan Szwarz 0 0 0 0 0 1 0 1 0 0 0/0 11:07 0:00 0:00
Justin Schultz 0 0 0 0 0 0 1 0 0 3 0/0 18:18 0:00 0:00
Marcus Kruger 0 0 0 0 0 2 0 0 1 0 0/0 18:41 0:00 0:56
Mika Zibanejad 0 1 1 1 2 4 2 0 0 0 7/23 19:27 0:00 0:00
Rasmus Ristolainen 0 0 0 -1 0 5 1 3 0 2 0/0 28:19 0:00 2:51
Sean Zimmerman 1 0 1 1 2 2 0 0 0 0 0/0 13:37 0:00 1:22
Vincent Trocheck 0 0 0 0 0 0 0 0 0 0 9/22 18:21 0:00 0:48
Players Stats for Blackhawks
Player Name G A P +/- PIM S H SB GA TA FO MP PP MP PK MP
------------------------------------------------------------------------------------
Andrew Mangiapane 0 0 0 1 0 0 3 0 0 0 0/0 13:05 0:00 0:00
Antoine Roussel 0 0 0 0 0 1 5 1 0 0 0/0 17:01 1:35 0:00
Brett Maclean 0 0 0 0 0 3 0 0 0 0 0/1 8:25 0:00 0:00
Calvin de Haan 0 0 0 0 0 0 0 2 0 0 0/0 5:05 1:10 0:00
Corey Perry 0 0 0 1 0 1 1 1 2 0 0/0 13:05 0:00 0:00
Erik Haula 0 0 0 0 0 1 1 0 1 0 13/21 17:01 1:35 0:00
Jakob Silfverberg 0 0 0 -1 0 4 3 0 0 1 0/1 20:24 1:35 0:00
James Wright 0 0 0 0 0 4 1 2 0 0 1/3 8:25 0:00 0:00
Jamie McBain 1 0 1 1 0 2 0 0 1 0 0/0 19:51 2:26 0:00
Johnny Gaudreau 1 1 2 -1 0 5 1 1 1 0 3/4 21:28 2:34 0:00
Jordan Staal 0 0 0 -1 0 3 5 0 0 0 17/28 21:29 2:34 0:00
Mike Amadio 0 0 0 0 0 0 0 0 1 0 0/0 18:06 2:34 0:00
Nick Bonino 0 0 0 1 0 1 1 1 1 0 1/3 13:05 0:00 0:00
Petter Granberg 0 0 0 0 0 3 3 0 0 1 0/0 20:18 1:50 0:00
PK Subban 0 1 1 -1 0 0 1 0 2 2 0/0 29:20 2:35 0:00
Radko Gudas 0 0 0 -1 0 0 2 2 0 0 0/0 26:09 0:17 0:00
Robert Hagg 0 1 1 1 0 2 3 1 0 1 0/0 19:17 0:00 0:00
Stefan Matteau 0 0 0 0 0 1 1 0 2 0 0/0 8:25 0:00 0:00
3 Stars
1 - James Reimer (Chi)
2 - Johnny Gaudreau (Chi)
3 - Jamie McBain (Chi)
Power Play
Canadiens - 0 on 1 Attempt(s) - 0.00%
Blackhawks - 1 on 2 Attempt(s) - 50.00%
Penalty Kill
Canadiens - 1 on 2 Attempt(s) - 50.00%
- Score 0 goal in Penalty Kill
Blackhawks - 1 on 1 Attempt(s) - 100.00%
- Score 0 goal in Penalty Kill
Team Stat
Canadiens - Hits : 19 - Faceoff Wins : 26 - Blocked Shots : 11 - Penalty Minutes : 6
Blackhawks - Hits : 31 - Faceoff Wins : 35 - Blocked Shots : 11 - Penalty Minutes : 0
Official
Referees : Furman South and Brad Meier
Linesman : Derek Amell and Scott Cherrey
Game Notes
Calvin de Haan is injured at 13:35 of 1st period (Left Forearm)
9:47 of 2nd period - Blackhawks goal is going for a video replay. After video review, Goal.
18:33 of 2nd period - Penalty Shot by Jakob Silfverberg for Blackhawks - Stopped by Robin Lehner
Finance
Level 1 -- Attendance: 6000 (100.00%) -- Ticket Income $600,000
Level 2 -- Attendance: 4600 (92.00%) -- Ticket Income $276,000
Level 3 -- Attendance: 1842 (92.10%) -- Ticket Income $64,470
Level 4 -- Attendance: 3626 (90.65%) -- Ticket Income $90,650
Luxury Box -- Attendance: 877 (87.70%) -- Ticket Income $175,400
Game was played at the United Center.
Total Attendance: 16945 (94.14%)
Total Ticket Income: $1,206,520
Other Income: $180,978
Total Income: $1,387,498
Canadiens
5 vs 5 Forward
Center Left Wing Right Wing Time % Phy DF OF
1 Mika Zibanejad Artemi Panarin David Pastrnak 35 0 3 2
2 Vincent Trocheck Chris Kreider Marcus Kruger 35 0 3 2
3 Cody Eakin Jiri Sekac Jordan Szwarz 20 0 3 2
4 Corban Knight Brandon Bollig Alexandre Grenier 10 0 3 2
5 vs 5 Defense
Defense Defense Time % Phy DF OF
1 Rasmus Ristolainen Cam Fowler 35 0 3 2
2 Justin Schultz Brian Dumoulin 30 0 3 2
3 Sean Zimmerman Brent Burns 20 0 3 2
4 Cam Fowler Rasmus Ristolainen 15 0 3 2
PowerPlay Forward
Center Left Wing Right Wing Time % Phy DF OF
1 Mika Zibanejad Chris Kreider David Pastrnak 60 0 0 5
2 Vincent Trocheck Artemi Panarin Jordan Szwarz 40 0 0 5
PowerPlay Defense
Defense Defense Time % Phy DF OF
1 Brian Dumoulin Rasmus Ristolainen 60 0 0 5
2 Justin Schultz Cam Fowler 40 0 0 5
Penalty Kill 4 Players Forward
Center Wing Time % Phy DF OF
1 Cody Eakin Chris Kreider 60 0 4 1
2 Corban Knight Marcus Kruger 40 0 4 1
Penalty Kill 4 Players Defense
Defense Defense Time % Phy DF OF
1 Sean Zimmerman Rasmus Ristolainen 60 0 5 0
2 Brent Burns Cam Fowler 40 0 5 0
Penalty Kill - 3 Players Forward
Forward Time % Phy DF OF
1 Vincent Trocheck 60 0 5 0
2 Mika Zibanejad 40 0 5 0
Penalty Kill - 3 Players Defense
Defense Defense Time % Phy DF OF
1 Cam Fowler Brent Burns 60 0 5 0
2 Rasmus Ristolainen Brian Dumoulin 40 0 5 0
4 vs 4 Forward
Center Wing Time % Phy DF OF
1 Vincent Trocheck Artemi Panarin 60 0 2 3
2 Mika Zibanejad David Pastrnak 40 0 2 3
4 vs 4 Defense
Defense Defense Time % Phy DF OF
1 Brent Burns Sean Zimmerman 60 0 2 3
2 Justin Schultz Brian Dumoulin 40 0 2 3
Last Minutes Offensive
Center Left Wing Right Wing Defense Defense
Mika Zibanejad Chris Kreider David Pastrnak Rasmus Ristolainen Cam Fowler
Last Minutes Defensive
Center Left Wing Right Wing Defense Defense
Vincent Trocheck Artemi Panarin Marcus Kruger Brent Burns Sean Zimmerman
Goaltenders
Starting : Robin Lehner
Backup : Andrei Vasilevskiy
Extra Forwards
Normal : David Pastrnak, Mika Zibanejad, Chris Kreider - PP : David Pastrnak, Mika Zibanejad - PK : Vincent Trocheck
Extra Defensemen
Normal : Rasmus Ristolainen, Cam Fowler, Brian Dumoulin - PP : Rasmus Ristolainen - PK : Cam Fowler, Sean Zimmerman
Penalty Shots
David Pastrnak, Vincent Trocheck, Mika Zibanejad, Artemi Panarin, Marcus Kruger
Custom OT Lines Forwards
Mika Zibanejad, David Pastrnak, Chris Kreider, Vincent Trocheck, Artemi Panarin, Jordan Szwarz, Marcus Kruger, Jiri Sekac, Corban Knight, Cody Eakin
Custom OT Lines Defensemen
Rasmus Ristolainen, Cam Fowler, Brent Burns, Justin Schultz, Brian Dumoulin
Scratches
None
Blackhawks
5 vs 5 Forward
Center Left Wing Right Wing Time % Phy DF OF
1 Jordan Staal Johnny Gaudreau Jakob Silfverberg 40 1 2 2
2 Erik Haula Antoine Roussel Mike Amadio 30 1 2 2
3 Nick Bonino Andrew Mangiapane Corey Perry 20 1 2 2
4 James Wright Brett Maclean Stefan Matteau 10 1 2 2
5 vs 5 Defense
Defense Defense Time % Phy DF OF
1 PK Subban Radko Gudas 40 1 2 2
2 Jamie McBain Calvin de Haan 30 1 2 2
3 Petter Granberg Robert Hagg 20 1 2 2
4 PK Subban Radko Gudas 10 1 2 2
PowerPlay Forward
Center Left Wing Right Wing Time % Phy DF OF
1 Jordan Staal Johnny Gaudreau Mike Amadio 60 1 2 2
2 Erik Haula Antoine Roussel Jakob Silfverberg 40 1 2 2
PowerPlay Defense
Defense Defense Time % Phy DF OF
1 PK Subban Calvin de Haan 60 1 2 2
2 Jamie McBain Petter Granberg 40 1 2 2
Penalty Kill 4 Players Forward
Center Wing Time % Phy DF OF
1 Erik Haula Mike Amadio 60 1 2 2
2 Jordan Staal Antoine Roussel 40 1 2 2
Penalty Kill 4 Players Defense
Defense Defense Time % Phy DF OF
1 Robert Hagg Radko Gudas 60 1 2 2
2 PK Subban Jamie McBain 40 1 2 2
Penalty Kill - 3 Players Forward
Forward Time % Phy DF OF
1 Erik Haula 60 1 2 2
2 Jordan Staal 40 1 2 2
Penalty Kill - 3 Players Defense
Defense Defense Time % Phy DF OF
1 Robert Hagg Radko Gudas 60 1 2 2
2 PK Subban Jamie McBain 40 1 2 2
4 vs 4 Forward
Center Wing Time % Phy DF OF
1 Erik Haula Johnny Gaudreau 60 1 2 2
2 Jordan Staal Antoine Roussel 40 1 2 2
4 vs 4 Defense
Defense Defense Time % Phy DF OF
1 Jamie McBain Radko Gudas 60 1 2 2
2 PK Subban Calvin de Haan 40 1 2 2
Last Minutes Offensive
Center Left Wing Right Wing Defense Defense
Jordan Staal Johnny Gaudreau Jakob Silfverberg PK Subban Jamie McBain
Last Minutes Defensive
Center Left Wing Right Wing Defense Defense
Erik Haula Antoine Roussel Mike Amadio Robert Hagg Radko Gudas
Goaltenders
Starting : James Reimer
Backup : Joe Cannata
Extra Forwards
Normal : Jordan Staal, Corey Perry, Mike Amadio - PP : Jordan Staal, Corey Perry - PK : Jordan Staal
Extra Defensemen
Normal : Calvin de Haan, Jamie McBain, Robert Hagg - PP : PK Subban - PK : Calvin de Haan, Petter Granberg
Penalty Shots
Johnny Gaudreau, Jakob Silfverberg, Antoine Roussel, Erik Haula, Jordan Staal
Custom OT Lines Forwards
Johnny Gaudreau, Jakob Silfverberg, Antoine Roussel, Erik Haula, Jordan Staal, Corey Perry, Mike Amadio, Nick Bonino, Brett Maclean, James Wright
Custom OT Lines Defensemen
Jamie McBain, Radko Gudas, PK Subban, Calvin de Haan, Petter Granberg
Scratches
None
% Time on Ice - Canadiens
Lines # - Real PCT - Wanted PCT - Time Play
Normal Forward
1 - 34% - 35% - 18:29
2 - 33% - 35% - 17:45
3 - 20% - 20% - 11:07
4 - 13% - 10% - 7:15
Normal Defense
1 - 33% - 35% - 18:13
2 - 32% - 30% - 17:23
3 - 22% - 20% - 12:04
4 - 13% - 15% - 6:56
PP Forward
1 - 0% - 60%
2 - 0% - 40%
PP Defense
1 - 0% - 60%
2 - 0% - 40%
PK Forward
1 - 78% - 60% - 3:13
2 - 22% - 40% - 0:56
PK Defense
1 - 81% - 60% - 3:21
2 - 19% - 40% - 0:48
PK3 Forward
1 - 0% - 60%
2 - 0% - 40%
PK3 Defense
1 - 0% - 60%
2 - 0% - 40%
44 Forward
1 - 0% - 60%
2 - 0% - 40%
44 Defense
1 - 0% - 60%
2 - 0% - 40%
Last Minute Offensive - 1:15
Last Minute Defensive - 0:00
Total
Forward - 60:00
Defense - 60:00
|
% Time on Ice - Blackhawks
Lines # - Real PCT - Wanted PCT - Time Play
Normal Forward
1 - 34% - 40% - 18:55
2 - 27% - 30% - 15:07
3 - 24% - 20% - 13:05
4 - 15% - 10% - 8:25
Normal Defense
1 - 39% - 40% - 21:32
2 - 32% - 30% - 17:47
3 - 21% - 20% - 11:33
4 - 8% - 10% - 4:40
PP Forward
1 - 62% - 60% - 2:34
2 - 38% - 40% - 1:35
PP Defense
1 - 69% - 60% - 2:52
2 - 31% - 40% - 1:17
PK Forward
1 - 0% - 60%
2 - 0% - 40%
PK Defense
1 - 0% - 60%
2 - 0% - 40%
PK3 Forward
1 - 0% - 60%
2 - 0% - 40%
PK3 Defense
1 - 0% - 60%
2 - 0% - 40%
44 Forward
1 - 0% - 60%
2 - 0% - 40%
44 Defense
1 - 0% - 60%
2 - 0% - 40%
Last Minute Offensive - 0:00
Last Minute Defensive - 0:19
Total
Forward - 60:00
Defense - 60:00
|
Play-by-Play
1st period
0:01 of 1st period - Jordan Staal wins face-off versus Mika Zibanejad in neutral zone.
0:26 of 1st period - Chris Kreider is hit by Erik Haula.
0:48 of 1st period - Wrist shot by Corey Perry.
0:48 of 1st period - Shot Hit the Post.
1:08 of 1st period - Snap shot by James Wright.
1:08 of 1st period - Shot Misses the Net.
2:25 of 1st period - Wrist shot by Nick Bonino.
2:25 of 1st period - Shot Blocked by Brent Burns.
2:39 of 1st period - Wrist shot by James Wright.
2:39 of 1st period - Stopped by Robin Lehner with a rebound.
2:41 of 1st period - Backhand shot by James Wright.
2:41 of 1st period - Stopped by Robin Lehner with a rebound.
2:43 of 1st period - Wrist shot by James Wright.
2:43 of 1st period - Shot Misses the Net.
2:57 of 1st period - Johnny Gaudreau is hit by Cam Fowler and loses puck.
4:17 of 1st period - Brett Maclean is hit by Mika Zibanejad.
4:21 of 1st period - Slapshot by David Pastrnak.
4:21 of 1st period - Deflect By Jamie McBain.
4:21 of 1st period - Shot Misses the Net.
4:21 of 1st period - Puck is out of play.
4:22 of 1st period - Jordan Staal wins face-off versus Mika Zibanejad in Blackhawks zone.
4:37 of 1st period - Snap shot by David Pastrnak.
4:37 of 1st period - Shot Misses the Net.
4:39 of 1st period - Wrist shot by Sean Zimmerman.
4:39 of 1st period - Shot Misses the Net.
4:47 of 1st period - Wrist shot by Mika Zibanejad.
4:47 of 1st period - Shot Misses the Net.
4:49 of 1st period - Slapshot by Brent Burns.
4:49 of 1st period - Shot Hit the Post.
4:51 of 1st period - Snap shot by Sean Zimmerman.
4:51 of 1st period - Goal by Sean Zimmerman - Canadiens : 1 - Blackhawks : 0.
4:52 of 1st period - Erik Haula wins face-off versus Vincent Trocheck in neutral zone.
5:01 of 1st period - Vincent Trocheck is hit by Antoine Roussel and loses puck.
5:46 of 1st period - Jamie McBain is hit by Artemi Panarin and loses puck.
5:55 of 1st period - Rasmus Ristolainen is hit by Jordan Staal and loses puck.
6:08 of 1st period - Slapshot by Alexandre Grenier.
6:08 of 1st period - Stopped by James Reimer without a rebound.
6:09 of 1st period - Corban Knight wins face-off versus James Wright in Blackhawks zone.
6:32 of 1st period - Slapshot by Brett Maclean.
6:32 of 1st period - Shot Misses the Net.
7:16 of 1st period - Wrist shot by Corban Knight.
7:16 of 1st period - Stopped by James Reimer with a rebound.
7:38 of 1st period - Wrist shot by Corban Knight.
7:38 of 1st period - Deflect By Brandon Bollig.
7:38 of 1st period - Shot Misses the Net.
7:38 of 1st period - Puck is out of play.
7:39 of 1st period - Erik Haula wins face-off versus Vincent Trocheck in Blackhawks zone.
7:58 of 1st period - Erik Haula is hit by Chris Kreider and loses puck.
8:14 of 1st period - Snap shot by Erik Haula.
8:14 of 1st period - Deflect By Mike Amadio.
8:14 of 1st period - Shot Misses the Net.
8:14 of 1st period - Puck is out of play.
8:15 of 1st period - Jordan Staal wins face-off versus Mika Zibanejad in Canadiens zone.
8:32 of 1st period - Wrist shot by Jordan Staal.
8:32 of 1st period - Shot Misses the Net.
8:38 of 1st period - Minor Penalty to Sean Zimmerman for Cross-checking.
8:39 of 1st period - Jordan Staal wins face-off versus Cody Eakin in Canadiens zone.
8:42 of 1st period - Wrist shot by Jordan Staal.
8:42 of 1st period - Stopped by Robin Lehner without a rebound.
8:43 of 1st period - Cody Eakin wins face-off versus Jordan Staal in Canadiens zone.
8:58 of 1st period - Wrist shot by Johnny Gaudreau.
8:58 of 1st period - Stopped by Robin Lehner without a rebound.
8:59 of 1st period - Johnny Gaudreau wins face-off versus Cody Eakin in Canadiens zone.
9:02 of 1st period - Snap shot by Johnny Gaudreau.
9:02 of 1st period - Shot Misses the Net.
10:23 of 1st period - Icing by Johnny Gaudreau.
10:24 of 1st period - Cody Eakin wins face-off versus Jordan Staal in Blackhawks zone.
10:38 of 1st period - Penalty to Sean Zimmerman is over, Sean Zimmerman is back on ice.
10:52 of 1st period - Off-side.
10:53 of 1st period - Mika Zibanejad wins face-off versus Nick Bonino in neutral zone.
11:20 of 1st period - Justin Schultz is hit by Radko Gudas.
11:39 of 1st period - Icing by Antoine Roussel.
11:40 of 1st period - Erik Haula wins face-off versus Cody Eakin in Blackhawks zone.
12:12 of 1st period - Snap shot by Chris Kreider.
12:12 of 1st period - Shot Misses the Net.
13:17 of 1st period - Slapshot by Rasmus Ristolainen.
13:17 of 1st period - Shot Blocked by Calvin de Haan.
13:19 of 1st period - Slapshot by Rasmus Ristolainen.
13:19 of 1st period - Stopped by James Reimer with a rebound.
13:21 of 1st period - Snap shot by Cody Eakin.
13:21 of 1st period - Deflect By Jiri Sekac.
13:21 of 1st period - Stopped by James Reimer with a rebound.
13:31 of 1st period - Wrist shot by Sean Zimmerman.
13:31 of 1st period - Stopped by James Reimer with a rebound.
13:33 of 1st period - Slapshot by Sean Zimmerman.
13:33 of 1st period - Shot Blocked by Johnny Gaudreau.
13:35 of 1st period - Slapshot by Brandon Bollig.
13:35 of 1st period - Shot Blocked by Calvin de Haan.
13:35 of 1st period - Calvin de Haan from Blackhawks is injured at 13:35 of 1st period (Left Forearm).
13:36 of 1st period - Johnny Gaudreau wins face-off versus Mika Zibanejad in Blackhawks zone.
13:36 of 1st period - Johnny Gaudreau is hit by David Pastrnak.
13:42 of 1st period - Cam Fowler is hit by Jordan Staal and loses puck.
13:47 of 1st period - Slapshot by Jordan Staal.
13:47 of 1st period - Shot Misses the Net.
13:49 of 1st period - Slapshot by Johnny Gaudreau.
13:49 of 1st period - Deflect By Cam Fowler.
13:49 of 1st period - Stopped by Robin Lehner with a rebound.
13:51 of 1st period - Snap shot by Johnny Gaudreau.
13:51 of 1st period - Deflect By Jordan Staal.
13:51 of 1st period - Shot Blocked by Rasmus Ristolainen.
13:51 of 1st period - Puck is out of play.
13:52 of 1st period - Erik Haula wins face-off versus Vincent Trocheck in Canadiens zone.
14:01 of 1st period - Icing by Mike Amadio.
14:02 of 1st period - Vincent Trocheck wins face-off versus Erik Haula in Blackhawks zone.
14:19 of 1st period - Off-side.
14:20 of 1st period - Jordan Staal wins face-off versus Mika Zibanejad in neutral zone.
14:25 of 1st period - Snap shot by Jakob Silfverberg.
14:25 of 1st period - Shot Misses the Net.
14:27 of 1st period - Wrist shot by Jordan Staal.
14:27 of 1st period - Shot Misses the Net.
14:29 of 1st period - Snap shot by Robert Hagg.
14:29 of 1st period - Stopped by Robin Lehner without a rebound.
14:30 of 1st period - Mika Zibanejad wins face-off versus Jordan Staal in Canadiens zone.
14:47 of 1st period - Wrist shot by Jordan Staal.
14:47 of 1st period - Stopped by Robin Lehner with a rebound.
15:02 of 1st period - Off-side.
15:03 of 1st period - Vincent Trocheck wins face-off versus Erik Haula in neutral zone.
15:06 of 1st period - Wrist shot by Marcus Kruger.
15:06 of 1st period - Deflect By Chris Kreider.
15:06 of 1st period - Shot Misses the Net.
15:06 of 1st period - Puck is out of play.
15:07 of 1st period - Erik Haula wins face-off versus Vincent Trocheck in Blackhawks zone.
15:39 of 1st period - Wrist shot by Mika Zibanejad.
15:39 of 1st period - Stopped by James Reimer with a rebound.
15:41 of 1st period - Snap shot by Rasmus Ristolainen.
15:41 of 1st period - Shot Misses the Net.
15:43 of 1st period - Slapshot by Cam Fowler.
15:43 of 1st period - Deflect By Artemi Panarin.
15:43 of 1st period - Shot Misses the Net.
15:43 of 1st period - Puck is out of play.
15:44 of 1st period - Nick Bonino wins face-off versus Cody Eakin in Blackhawks zone.
16:40 of 1st period - Wrist shot by Mika Zibanejad.
16:40 of 1st period - Shot Blocked by Radko Gudas.
16:42 of 1st period - Wrist shot by Artemi Panarin.
16:42 of 1st period - Shot Misses the Net.
16:44 of 1st period - Slapshot by Brian Dumoulin.
16:44 of 1st period - Stopped by James Reimer with a rebound.
16:54 of 1st period - Slapshot by Rasmus Ristolainen.
16:54 of 1st period - Stopped by James Reimer with a rebound.
17:43 of 1st period - Wrist shot by Jordan Staal.
17:43 of 1st period - Deflect By Johnny Gaudreau.
17:43 of 1st period - Shot Misses the Net.
17:43 of 1st period - Puck is out of play.
17:44 of 1st period - Erik Haula wins face-off versus Mika Zibanejad in Canadiens zone.
17:45 of 1st period - Snap shot by Antoine Roussel.
17:45 of 1st period - Shot Misses the Net.
18:01 of 1st period - Brent Burns is hit by Antoine Roussel and loses puck.
18:18 of 1st period - Wrist shot by Johnny Gaudreau.
18:18 of 1st period - Stopped by Robin Lehner without a rebound.
18:19 of 1st period - Vincent Trocheck wins face-off versus Jordan Staal in Canadiens zone.
18:32 of 1st period - Backhand shot by Marcus Kruger.
18:32 of 1st period - Stopped by James Reimer without a rebound.
18:33 of 1st period - Jordan Staal wins face-off versus David Pastrnak in Blackhawks zone.
Goals for this period are 1 for Canadiens vs 0 for Blackhawks.
Shots for this period are 10 for Canadiens vs 8 for Blackhawks.
2nd period
0:01 of 2nd period - Jordan Staal wins face-off versus Vincent Trocheck in neutral zone.
0:12 of 2nd period - Slapshot by Jakob Silfverberg.
0:12 of 2nd period - Stopped by Robin Lehner without a rebound.
0:13 of 2nd period - Jordan Staal wins face-off versus Mika Zibanejad in Canadiens zone.
0:16 of 2nd period - Wrist shot by Jordan Staal.
0:16 of 2nd period - Stopped by Robin Lehner with a rebound.
0:18 of 2nd period - Snap shot by Jakob Silfverberg.
0:18 of 2nd period - Stopped by Robin Lehner without a rebound.
0:19 of 2nd period - Jordan Staal wins face-off versus Mika Zibanejad in Canadiens zone.
0:43 of 2nd period - Icing by Rasmus Ristolainen.
0:44 of 2nd period - Mika Zibanejad wins face-off versus Erik Haula in Canadiens zone.
1:01 of 2nd period - Rasmus Ristolainen is hit by Robert Hagg and loses puck.
1:41 of 2nd period - Wrist shot by Jordan Staal.
1:41 of 2nd period - Shot Blocked by Jordan Szwarz.
1:43 of 2nd period - Wrist shot by Robert Hagg.
1:43 of 2nd period - Stopped by Robin Lehner with a rebound.
1:45 of 2nd period - Snap shot by Robert Hagg.
1:45 of 2nd period - Deflect By Johnny Gaudreau.
1:45 of 2nd period - Shot Misses the Net.
1:45 of 2nd period - Puck is out of play.
1:46 of 2nd period - Erik Haula wins face-off versus Mika Zibanejad in Canadiens zone.
1:57 of 2nd period - Antoine Roussel is hit by Justin Schultz and loses puck.
2:26 of 2nd period - Chris Kreider is hit by Andrew Mangiapane and loses puck.
2:41 of 2nd period - Corban Knight is hit by Stefan Matteau and loses puck.
2:46 of 2nd period - Snap shot by Stefan Matteau.
2:46 of 2nd period - Stopped by Robin Lehner without a rebound.
2:47 of 2nd period - Mika Zibanejad wins face-off versus Jordan Staal in Canadiens zone.
3:38 of 2nd period - Snap shot by Mike Amadio.
3:38 of 2nd period - Shot Misses the Net.
3:40 of 2nd period - Slapshot by Erik Haula.
3:40 of 2nd period - Shot Misses the Net.
3:42 of 2nd period - Slapshot by Radko Gudas.
3:42 of 2nd period - Shot Misses the Net.
4:20 of 2nd period - Mika Zibanejad is hit by Corey Perry and loses puck.
5:04 of 2nd period - Wrist shot by Marcus Kruger.
5:04 of 2nd period - Shot Misses the Net.
5:16 of 2nd period - Marcus Kruger is hit by Jakob Silfverberg and loses puck.
5:31 of 2nd period - Corey Perry is hit by Artemi Panarin and loses puck.
5:54 of 2nd period - Backhand shot by Jiri Sekac.
5:54 of 2nd period - Shot Misses the Net.
5:56 of 2nd period - Snap shot by Cam Fowler.
5:56 of 2nd period - Shot Misses the Net.
5:58 of 2nd period - Wrist shot by Jordan Szwarz.
5:58 of 2nd period - Stopped by James Reimer with a rebound.
6:00 of 2nd period - Wrist shot by Cody Eakin.
6:00 of 2nd period - Stopped by James Reimer with a rebound.
6:02 of 2nd period - Slapshot by Rasmus Ristolainen.
6:02 of 2nd period - Shot Misses the Net.
6:04 of 2nd period - Snap shot by Cody Eakin.
6:04 of 2nd period - Stopped by James Reimer without a rebound.
6:05 of 2nd period - Mika Zibanejad wins face-off versus Jordan Staal in Blackhawks zone.
6:06 of 2nd period - Wrist shot by David Pastrnak.
6:06 of 2nd period - Shot Misses the Net.
6:18 of 2nd period - Cam Fowler is hit by Jordan Staal and loses puck.
6:55 of 2nd period - Snap shot by Mika Zibanejad.
6:55 of 2nd period - Shot Blocked by Corey Perry.
7:19 of 2nd period - Snap shot by Radko Gudas.
7:19 of 2nd period - Shot Misses the Net.
7:25 of 2nd period - Wrist shot by Corey Perry.
7:25 of 2nd period - Shot Misses the Net.
7:31 of 2nd period - PK Subban is hit by Artemi Panarin and loses puck.
7:40 of 2nd period - Wrist shot by David Pastrnak.
7:40 of 2nd period - Shot Blocked by Nick Bonino.
7:52 of 2nd period - Slapshot by Mika Zibanejad.
7:52 of 2nd period - Stopped by James Reimer with a rebound.
7:54 of 2nd period - Wrist shot by David Pastrnak.
7:54 of 2nd period - Deflect By Mika Zibanejad.
7:54 of 2nd period - Stopped by James Reimer with a rebound.
7:56 of 2nd period - Wrist shot by Artemi Panarin.
7:56 of 2nd period - Stopped by James Reimer without a rebound.
7:57 of 2nd period - Vincent Trocheck wins face-off versus Jordan Staal in Blackhawks zone.
8:12 of 2nd period - Slapshot by Jakob Silfverberg.
8:12 of 2nd period - Stopped by Robin Lehner without a rebound.
8:13 of 2nd period - Cody Eakin wins face-off versus Erik Haula in Canadiens zone.
8:13 of 2nd period - Cody Eakin is hit by Antoine Roussel.
8:19 of 2nd period - Wrist shot by Erik Haula.
8:19 of 2nd period - Stopped by Robin Lehner with a rebound.
8:21 of 2nd period - Wrist shot by Antoine Roussel.
8:21 of 2nd period - Stopped by Robin Lehner with a rebound.
8:23 of 2nd period - Slapshot by Petter Granberg.
8:23 of 2nd period - Shot Blocked by Cody Eakin.
8:25 of 2nd period - Snap shot by Petter Granberg.
8:25 of 2nd period - Stopped by Robin Lehner without a rebound.
8:26 of 2nd period - Jordan Staal wins face-off versus Vincent Trocheck in Canadiens zone.
8:58 of 2nd period - Snap shot by Erik Haula.
8:58 of 2nd period - Shot Misses the Net.
9:00 of 2nd period - Slapshot by Petter Granberg.
9:00 of 2nd period - Stopped by Robin Lehner without a rebound.
9:01 of 2nd period - Cody Eakin wins face-off versus Erik Haula in Canadiens zone.
9:28 of 2nd period - Chris Kreider is hit by Robert Hagg and loses puck.
9:47 of 2nd period - Wrist shot by Johnny Gaudreau.
9:47 of 2nd period - Blackhawks goal is going for a video replay.
9:47 of 2nd period - The goal is good.
9:47 of 2nd period - Goal by Johnny Gaudreau - Canadiens : 1 - Blackhawks : 1.
9:48 of 2nd period - Vincent Trocheck wins face-off versus Jakob Silfverberg in neutral zone.
9:53 of 2nd period - Snap shot by Chris Kreider.
9:53 of 2nd period - Stopped by James Reimer with a rebound.
10:52 of 2nd period - Minor Penalty to Mika Zibanejad for Hooking.
10:53 of 2nd period - Cody Eakin wins face-off versus Johnny Gaudreau in Canadiens zone.
11:03 of 2nd period - Slapshot by Jamie McBain.
11:03 of 2nd period - Goal by Jamie McBain - Canadiens : 1 - Blackhawks : 2.
11:04 of 2nd period - Jordan Staal wins face-off versus Vincent Trocheck in neutral zone.
12:31 of 2nd period - Off-side.
12:32 of 2nd period - Corban Knight wins face-off versus James Wright in neutral zone.
13:44 of 2nd period - Cody Eakin is hit by Nick Bonino and loses puck.
14:47 of 2nd period - Snap shot by Mika Zibanejad.
14:47 of 2nd period - Deflect By David Pastrnak.
14:47 of 2nd period - Shot Blocked by James Wright.
14:47 of 2nd period - Puck is out of play.
14:48 of 2nd period - Mika Zibanejad wins face-off versus Brett Maclean in Blackhawks zone.
15:03 of 2nd period - Snap shot by David Pastrnak.
15:03 of 2nd period - Deflect By Mika Zibanejad.
15:03 of 2nd period - Stopped by James Reimer without a rebound.
15:04 of 2nd period - Johnny Gaudreau wins face-off versus Vincent Trocheck in Blackhawks zone.
16:16 of 2nd period - Chris Kreider is hit by Andrew Mangiapane and loses puck.
16:41 of 2nd period - Brent Burns is hit by Radko Gudas.
16:59 of 2nd period - Snap shot by Alexandre Grenier.
16:59 of 2nd period - Deflect By Brandon Bollig.
16:59 of 2nd period - Shot Misses the Net.
16:59 of 2nd period - Puck is out of play.
17:00 of 2nd period - Erik Haula wins face-off versus Corban Knight in Blackhawks zone.
17:00 of 2nd period - Erik Haula is hit by Cam Fowler.
17:08 of 2nd period - Wrist shot by Antoine Roussel.
17:08 of 2nd period - Shot Misses the Net.
17:26 of 2nd period - Cam Fowler is hit by Johnny Gaudreau and loses puck.
17:53 of 2nd period - Snap shot by David Pastrnak.
17:53 of 2nd period - Shot Misses the Net.
17:55 of 2nd period - Wrist shot by Brian Dumoulin.
17:55 of 2nd period - Shot Blocked by Radko Gudas.
18:15 of 2nd period - Backhand shot by Cody Eakin.
18:15 of 2nd period - Stopped by James Reimer without a rebound.
18:16 of 2nd period - Vincent Trocheck wins face-off versus Jordan Staal in Blackhawks zone.
18:33 of 2nd period - Penalty Shot by Jakob Silfverberg for Blackhawks.
18:33 of 2nd period - Backhand shot by Jakob Silfverberg.
18:33 of 2nd period - Stopped by Robin Lehner.
18:34 of 2nd period - Erik Haula wins face-off versus Mika Zibanejad in Blackhawks zone.
19:00 of 2nd period - Robert Hagg is hit by Rasmus Ristolainen and loses puck.
19:36 of 2nd period - Wrist shot by Jakob Silfverberg.
19:36 of 2nd period - Stopped by Robin Lehner with a rebound.
19:42 of 2nd period - Johnny Gaudreau is hit by Chris Kreider and loses puck.
Goals for this period are 0 for Canadiens vs 2 for Blackhawks.
Shots for this period are 9 for Canadiens vs 13 for Blackhawks.
3rd period
0:01 of 3rd period - Artemi Panarin wins face-off versus Jordan Staal in neutral zone.
0:38 of 3rd period - Wrist shot by Marcus Kruger.
0:38 of 3rd period - Shot Misses the Net.
0:52 of 3rd period - Brian Dumoulin is hit by Robert Hagg and loses puck.
1:09 of 3rd period - Brandon Bollig is hit by Petter Granberg and loses puck.
1:18 of 3rd period - Snap shot by Brett Maclean.
1:18 of 3rd period - Shot Blocked by Brandon Bollig.
1:30 of 3rd period - PK Subban is hit by Mika Zibanejad and loses puck.
1:35 of 3rd period - Snap shot by David Pastrnak.
1:35 of 3rd period - Shot Misses the Net.
1:37 of 3rd period - Snap shot by Brian Dumoulin.
1:37 of 3rd period - Stopped by James Reimer with a rebound.
2:13 of 3rd period - Brent Burns is hit by Antoine Roussel and loses puck.
3:05 of 3rd period - Off-side.
3:06 of 3rd period - Erik Haula wins face-off versus Vincent Trocheck in neutral zone.
3:40 of 3rd period - Slapshot by Jordan Staal.
3:40 of 3rd period - Shot Blocked by Brent Burns.
3:42 of 3rd period - Snap shot by Johnny Gaudreau.
3:42 of 3rd period - Stopped by Robin Lehner with a rebound.
3:56 of 3rd period - Cam Fowler is hit by Petter Granberg and loses puck.
4:03 of 3rd period - Slapshot by Jamie McBain.
4:03 of 3rd period - Shot Blocked by Cam Fowler.
4:05 of 3rd period - Slapshot by Petter Granberg.
4:05 of 3rd period - Stopped by Robin Lehner with a rebound.
4:19 of 3rd period - Slapshot by Corban Knight.
4:19 of 3rd period - Stopped by James Reimer with a rebound.
4:21 of 3rd period - Slapshot by Rasmus Ristolainen.
4:21 of 3rd period - Stopped by James Reimer with a rebound.
4:23 of 3rd period - Snap shot by Rasmus Ristolainen.
4:23 of 3rd period - Deflect By Alexandre Grenier.
4:23 of 3rd period - Stopped by James Reimer with a rebound.
4:25 of 3rd period - Wrist shot by Cam Fowler.
4:25 of 3rd period - Deflect By Brandon Bollig.
4:25 of 3rd period - Stopped by James Reimer without a rebound.
4:26 of 3rd period - Jordan Staal wins face-off versus Mika Zibanejad in Blackhawks zone.
4:31 of 3rd period - Justin Schultz is hit by Jordan Staal and loses puck.
4:49 of 3rd period - Icing by Jamie McBain.
4:50 of 3rd period - Erik Haula wins face-off versus Vincent Trocheck in Blackhawks zone.
4:58 of 3rd period - Off-side.
4:59 of 3rd period - Jordan Staal wins face-off versus Mika Zibanejad in neutral zone.
5:58 of 3rd period - Jiri Sekac is hit by Andrew Mangiapane and loses puck.
6:09 of 3rd period - Justin Schultz is hit by James Wright and loses puck.
6:16 of 3rd period - Slapshot by Brian Dumoulin.
6:16 of 3rd period - Stopped by James Reimer with a rebound.
6:18 of 3rd period - Slapshot by Sean Zimmerman.
6:18 of 3rd period - Shot Blocked by James Wright.
6:20 of 3rd period - Slapshot by Sean Zimmerman.
6:20 of 3rd period - Shot Misses the Net.
6:22 of 3rd period - Snap shot by Cody Eakin.
6:22 of 3rd period - Stopped by James Reimer with a rebound.
6:24 of 3rd period - Snap shot by Jordan Szwarz.
6:24 of 3rd period - Shot Misses the Net.
6:36 of 3rd period - Slapshot by Rasmus Ristolainen.
6:36 of 3rd period - Deflect By Jamie McBain.
6:36 of 3rd period - Stopped by James Reimer without a rebound.
6:37 of 3rd period - Jordan Staal wins face-off versus Mika Zibanejad in Blackhawks zone.
7:31 of 3rd period - PK Subban is hit by Corban Knight and loses puck.
7:46 of 3rd period - Snap shot by Brett Maclean.
7:46 of 3rd period - Stopped by Robin Lehner with a rebound.
7:48 of 3rd period - Snap shot by James Wright.
7:48 of 3rd period - Shot Misses the Net.
7:50 of 3rd period - Snap shot by James Wright.
7:50 of 3rd period - Stopped by Robin Lehner without a rebound.
7:51 of 3rd period - James Wright wins face-off versus Mika Zibanejad in Canadiens zone.
7:52 of 3rd period - Snap shot by Brett Maclean.
7:52 of 3rd period - Stopped by Robin Lehner with a rebound.
7:54 of 3rd period - Snap shot by James Wright.
7:54 of 3rd period - Stopped by Robin Lehner with a rebound.
7:56 of 3rd period - Snap shot by James Wright.
7:56 of 3rd period - Shot Misses the Net.
8:30 of 3rd period - Snap shot by Brett Maclean.
8:30 of 3rd period - Stopped by Robin Lehner with a rebound.
8:32 of 3rd period - Wrist shot by Stefan Matteau.
8:32 of 3rd period - Shot Blocked by David Pastrnak.
8:34 of 3rd period - Slapshot by Robert Hagg.
8:34 of 3rd period - Shot Blocked by Rasmus Ristolainen.
8:40 of 3rd period - Wrist shot by Brett Maclean.
8:40 of 3rd period - Deflect By James Wright.
8:40 of 3rd period - Shot Misses the Net.
8:40 of 3rd period - Puck is out of play.
8:41 of 3rd period - Vincent Trocheck wins face-off versus Jordan Staal in Canadiens zone.
8:46 of 3rd period - Wrist shot by Marcus Kruger.
8:46 of 3rd period - Stopped by James Reimer with a rebound.
9:36 of 3rd period - Brian Dumoulin is hit by PK Subban and loses puck.
10:12 of 3rd period - Icing by Radko Gudas.
10:13 of 3rd period - Jordan Staal wins face-off versus Mika Zibanejad in Blackhawks zone.
11:28 of 3rd period - Radko Gudas is hit by David Pastrnak and loses puck.
11:45 of 3rd period - Wrist shot by Antoine Roussel.
11:45 of 3rd period - Shot Misses the Net.
11:53 of 3rd period - Johnny Gaudreau is hit by Cody Eakin and loses puck.
12:02 of 3rd period - Justin Schultz is hit by Jakob Silfverberg.
12:17 of 3rd period - Off-side.
12:18 of 3rd period - Vincent Trocheck wins face-off versus Erik Haula in neutral zone.
12:33 of 3rd period - Snap shot by Rasmus Ristolainen.
12:33 of 3rd period - Shot Blocked by Robert Hagg.
13:07 of 3rd period - Andrew Mangiapane is hit by Cam Fowler and loses puck.
13:12 of 3rd period - Slapshot by Rasmus Ristolainen.
13:12 of 3rd period - Stopped by James Reimer without a rebound.
13:13 of 3rd period - Erik Haula wins face-off versus Vincent Trocheck in Blackhawks zone.
13:22 of 3rd period - Snap shot by Chris Kreider.
13:22 of 3rd period - Shot Blocked by Antoine Roussel.
14:10 of 3rd period - Snap shot by David Pastrnak.
14:10 of 3rd period - Stopped by James Reimer without a rebound.
14:11 of 3rd period - Jordan Staal wins face-off versus Vincent Trocheck in Blackhawks zone.
14:30 of 3rd period - Chris Kreider is hit by Jordan Staal and loses puck.
14:47 of 3rd period - Wrist shot by Corey Perry.
14:47 of 3rd period - Shot Blocked by Rasmus Ristolainen.
15:19 of 3rd period - Minor Penalty to Artemi Panarin for Hooking.
15:20 of 3rd period - Cody Eakin wins face-off versus Jordan Staal in Canadiens zone.
15:55 of 3rd period - Chris Kreider is hit by Antoine Roussel and loses puck.
16:30 of 3rd period - Wrist shot by Brandon Bollig.
16:30 of 3rd period - Stopped by James Reimer without a rebound.
16:31 of 3rd period - Jordan Staal wins face-off versus Vincent Trocheck in Blackhawks zone.
16:50 of 3rd period - Chris Kreider is hit by Jakob Silfverberg and loses puck.
17:01 of 3rd period - Johnny Gaudreau is hit by Corban Knight and loses puck.
17:08 of 3rd period - Snap shot by Corban Knight.
17:08 of 3rd period - Stopped by James Reimer without a rebound.
17:09 of 3rd period - Cody Eakin wins face-off versus Erik Haula in Blackhawks zone.
17:19 of 3rd period - Penalty to Artemi Panarin is over, Artemi Panarin is back on ice.
17:27 of 3rd period - Jamie McBain is hit by Chris Kreider and loses puck.
17:46 of 3rd period - Backhand shot by Jamie McBain.
17:46 of 3rd period - Stopped by Robin Lehner with a rebound.
17:48 of 3rd period - Slapshot by PK Subban.
17:48 of 3rd period - Deflect By Corey Perry.
17:48 of 3rd period - Stopped by Robin Lehner with a rebound.
17:50 of 3rd period - Snap shot by Nick Bonino.
17:50 of 3rd period - Stopped by Robin Lehner without a rebound.
17:51 of 3rd period - Erik Haula wins face-off versus Mika Zibanejad in Canadiens zone.
18:06 of 3rd period - Wrist shot by Artemi Panarin.
18:06 of 3rd period - Stopped by James Reimer with a rebound.
18:34 of 3rd period - Chris Kreider is hit by Petter Granberg and loses puck.
18:44 of 3rd period - Icing by Nick Bonino.
18:45 of 3rd period - Vincent Trocheck wins face-off versus Nick Bonino in Blackhawks zone.
18:46 of 3rd period - Canadiens, Robin Lehner is pulled from the net.
19:29 of 3rd period - Robert Hagg is hit by Brian Dumoulin and loses puck.
19:40 of 3rd period - Slapshot by Corey Perry.
19:40 of 3rd period - Deflect By Nick Bonino.
19:40 of 3rd period - Shot Blocked by Brian Dumoulin.
19:40 of 3rd period - Puck is out of play.
19:41 of 3rd period - Mike Babcock call a timeout for Canadiens.
19:41 of 3rd period - Robin Lehner from Canadiens was sent back in the game.
19:41 of 3rd period - Mika Zibanejad wins face-off versus Erik Haula in Canadiens zone.
19:48 of 3rd period - Canadiens, Robin Lehner is pulled from the net.
Goals for this period are 0 for Canadiens vs 0 for Blackhawks.
Shots for this period are 14 for Canadiens vs 10 for Blackhawks.